 Dungeon Crawl Stone Soup version 0.15-a0-462-gf669498 (webtiles) character file.

648 PolkaDot the Sneak (level 7, -4/46 HPs)
             Began as a Vampire Summoner on May 7, 2014.
             Killed by nerve-wracking pain
             ... invoked by an orc priest
              (8 damage)
             ... on Level 4 of the Dungeon.
             The game lasted 00:13:18 (2885 turns).

PolkaDot the Sneak (Vampire Summoner)               Turns: 2885, Time: 00:13:18

HP  -4/46        AC  3     Str  6 (7)  XL: 7   Next:  5%
MP  10/12        EV 12     Int 19      God:
Gold 108         SH  0     Dex 14      Spells:  2 memorised,  6 levels left

rFire  x . .     SeeInvis +     d - +2 dagger (drain)
rCold  + . .     Clarity  +     a - +0 robe
rNeg   . . .     Conserve .     (no shield)
rPois  +         rCorr    .     p - +0 helmet
rElec  .         rRot     .     (no cloak)
SustAb . .       Spirit   .     (no gloves)
rMut   .         Warding  .     (no boots)
Saprov . . .     Stasis   .     (no amulet)
MR     .....                    q - ring of ice
                                k - ring of poison resistance

@: regenerating quickly, very slightly contaminated, not resistant to hostile
enchantments, stealthy
A: bottle blood, fangs 3, see invisible, blink 1, clarity, unbreathing
a: Bottle Blood, Blink


You were on level 4 of the Dungeon.
You were very full.

You visited 1 branch of the dungeon, and saw 4 of its levels.

You collected 108 gold pieces.

Inventory:

Hand weapons
 d - a +2,+2 dagger of draining (weapon)
Armour
 a - a +0 robe (worn)
 p - a +0 helmet (worn)
Scrolls
 c - 6 scrolls of identify {unknown}
 e - 3 scrolls of amnesia {unknown}
 f - a scroll of remove curse {unknown}
 h - 4 scrolls of enchant weapon I {unknown}
 l - 2 scrolls of enchant armour {unknown}
 m - a scroll of random uselessness {unknown}
 n - a scroll of enchant weapon II {unknown}
 o - 2 scrolls of fear {unknown}
 t - a scroll of fog {unknown}
 u - a scroll of recharging {unknown}
 v - a scroll of teleportation {unknown}
Jewellery
 k - a ring of poison resistance (left hand)
 q - a ring of ice (right hand)
Potions
 g - a potion of mutation {!q}
 i - a potion of curing
 j - a potion of agility
 w - a potion of might
Books
 b - a book of Callings

   Spells                             Type                      Level
   *Summon Small Mammal               Summoning                    1
   Call Imp                           Summoning                    2
   *Call Canine Familiar              Summoning                    3
   Summon Guardian Golem              Hexes/Summoning              4
   Summon Lightning Spire             Summoning/Air                4
   Summon Ice Beast                   Ice/Summoning                4
 s - a book of the Sky

   Spells                             Type                      Level
   Flight                             Charms/Air                   3
   Airstrike                          Air                          4
   Silence                            Hexes/Air                    5
   Deflect Missiles                   Charms/Air                   6
   Conjure Ball Lightning             Conjuration/Air              6
   Tornado                            Air                          9


   Skills:
 + Level 3.9 Short Blades
 - Level 2.1 Dodging
 + Level 6.6 Stealth
 - Level 2.0 Spellcasting
 * Level 6.5 Summonings


You had 6 spell levels left.
You knew the following spells:

 Your Spells              Type           Power        Failure   Level  Hunger
a - Summon Small Mammal   Summ           ####         1%          1    #......
c - Call Canine Familiar  Summ           ####....     3%          3    ####...


Dungeon Overview and Level Annotations

Branches:
Dungeon (4/15)
 Temple: D:4-7

Altars:


Innate Abilities, Weirdness & Mutations

Your natural rate of healing is unusually fast.
You can bottle blood from corpses.
You have razor-sharp teeth.*
You have supernaturally acute eyesight.
You can survive without breathing.*
You can translocate small distances at will.+ You possess an exceptional clarity of mind.+


Message History

Unknown command.
You hit the orc priest but do no damage.
You bite the orc priest.
The orc priest is almost dead.
The orc priest calls down the wrath of Beogh upon you.
Pain shoots through your body!
* * * LOW HITPOINT WARNING * * *
Your hound barely misses the orc priest.
The orc priest calls upon Beogh to heal the orc priest.
The orc priest is healed somewhat.
Your quokka bites the orc priest.
Your quokka bites the orc priest but does no damage.
You hit the orc priest.
The orc priest is heavily wounded.
Your hound closely misses the orc priest.
The orc misses you. The orc priest hits you.
* * * LOW HITPOINT WARNING * * *
Your quokka barely misses the orc priest.
The orc priest invokes the aid of Beogh against you.
Pain shoots through your body!
You die...

#.# #.#
#.# . #.#
..### #.#
......##.#
.........#
......#rh#
#### #o@#
#.....roo#
.###.)...
# .......#
##
.........#
..
........+
..
.......#
......#
...


You could see 2 orc priests, an orc, a friendly hound and 2 friendly quokkas.

Vanquished Creatures
  The ghost of TZer0alt the Poker, an average FoFi of Cheibriados (D:4)
  A black bear (D:4)
  Duvessa (D:4)
  Dowan (D:4)
  A hound (D:4)
  Natasha (D:4)
  3 worms
  2 giant geckos
  3 orcs
  10 adders
  6 bats
  8 goblins
  9 hobgoblins
  10 kobolds
  2 oozes
  3 quokkas
  A ball python (D:2)
  6 giant cockroaches
  6 giant newts
  7 rats
  A rat skeleton (D:4)
83 creatures vanquished.

Vanquished Creatures (collateral kills)
  A sky beast (D:3)
  Natasha (D:4)
  A worker ant (D:4)
  An orc skeleton (D:4)
  An orc (D:4)
  A bat (D:4)
  An iguana (D:4)
  2 rats (D:4)
9 creatures vanquished.

Vanquished Creatures (others)
  A wolf (D:4)
  A hound (D:4)
  A bat (D:4)
  2 quokkas (D:4)
5 creatures vanquished.

Grand Total: 97 creatures vanquished

Notes
Turn   | Place    | Note
--------------------------------------------------------------
     0 | D:1      | PolkaDot, the Vampire Summoner, began the quest for the Orb.
     0 | D:1      | Reached XP level 1. HP: 13/13 MP: 3/3
   356 | D:1      | Reached XP level 2. HP: 19/19 MP: 4/4
   933 | D:2      | Reached skill level 1 in Short Blades
  1056 | D:2      | Reached XP level 3. HP: 24/24 MP: 6/6
  1352 | D:2      | Reached XP level 4. HP: 30/30 MP: 7/7
  1364 | D:2      | Reached skill level 5 in Summonings
  1720 | D:3      | Noticed a sky beast
  1726 | D:3      | Learned a level 3 spell: Call Canine Familiar
  1735 | D:3      | Killed a sky beast
  1735 | D:3      | Reached XP level 5. HP: 17/35 MP: 3/9
  1845 | D:3      | Reached skill level 5 in Stealth
  2284 | D:4      | Noticed a black bear
  2286 | D:4      | Killed a black bear
  2286 | D:4      | Reached XP level 6. HP: 41/41 MP: 10/10
  2501 | D:4      | Reached skill level 6 in Summonings
  2558 | D:4      | Noticed Natasha
  2561 | D:4      | Noticed TZer0alt's ghost (average FoFi)
  2567 | D:4      | Killed Natasha
  2594 | D:4      | Noticed Natasha
  2602 | D:4      | Gained mutation: You possess an exceptional clarity of mind. [potion of mutation]
  2602 | D:4      | Gained mutation: You can translocate small distances at will. [potion of mutation]
  2627 | D:4      | Killed TZer0alt's ghost
  2629 | D:4      | Killed Natasha
  2686 | D:4      | Noticed Dowan
  2687 | D:4      | Noticed Duvessa
  2700 | D:4      | Killed Duvessa
  2700 | D:4      | Reached XP level 7. HP: 6/46 MP: 8/12
  2716 | D:4      | Killed Dowan
  2885 | D:4      | Killed from afar by an orc priest

Action                   |  1- 3 |  4- 6 |  7- 9 || total
-------------------------+-------+-------+-------++-------
Melee: Dagger            |    79 |   132 |    12 ||   223
       Unarmed           |     7 |       |       ||     7
 Cast: Summon Small Mamm |     2 |     7 |     2 ||    11
       Call Canine Famil |       |     8 |     1 ||     9
  Use: Potion            |     1 |     7 |       ||     8
 Stab: Sleeping          |    12 |    13 |       ||    25
       Distracted        |     1 |     1 |       ||     2
